 Dungeon Crawl Stone Soup version 0.28.0-45-g0d030f2227 (webtiles) character file.

Game seed: 17648065604380698293

79 zeratav the Insei (level 4, 0/29 HPs)
             Began as an Octopode Transmuter on Apr 10, 2022.
             Slain by a ball python (3 damage)
             ... on level 3 of the Dungeon.
             The game lasted 00:04:17 (2832 turns).

zeratav the Insei (Octopode Transmuter)             Turns: 2832, Time: 00:04:17

Health: 0/29       AC:  1    Str:  9    XL:     4   Next: 38%
Magic:  7/7        EV: 13    Int: 15    God:
Gold:   66         SH:  0    Dex: 14    Spells: 6/7 levels left

rFire   . . .      SeeInvis .     - Unarmed
rCold   . . .      Faith    .   (no shield)
rNeg    . . .      Spirit   .   (helmet restricted)
rPois   .          Reflect  .   (no amulet)
rElec   .          Harm     .   (no ring)
rCorr   .          Rampage  .   (no ring)
Will    .....                   (no ring)
Stlth   +++.......              (no ring)
HPRegen 0.09/turn               (no ring)
MPRegen 0.10/turn               (no ring)
                                (no ring)
                                (no ring)

@: no status effects
A: almost no armour, amphibious, 8 rings, camouflage 1, gelatinous body 1,
(nimble swimmer 1), tentacles
a: no special abilities


You were on level 3 of the Dungeon.
You visited 1 branch of the dungeon, and saw 3 of its levels.

You collected 66 gold pieces.


Innate Abilities, Weirdness & Mutations

You cannot wear most types of armour.
You are amphibious.
You can wear up to eight rings at the same time.
Your skin changes colour to match your surroundings (Stealth+).
Your rubbery body absorbs attacks. (AC +1, EV +1)
((You are camouflaged when in or above water. (Stealth+)))
You have tentacles for arms and can constrict up to eight enemies at once.


   Skills:
 + Level 2.0 Fighting
 + Level 2.6 Dodging
 + Level 2.2 Stealth
 * Level 3.9 Unarmed Combat
 - Level 2.0 Spellcasting
 - Level 2.0 Transmutations


You had 6 spell levels left.
You knew the following spells:

 Your Spells              Type           Power      Damage    Failure   Level
a - Beastly Appendage     Tmut           14%        N/A       10%         1

Your spell library contained the following spells:

 Spells                   Type           Power      Damage    Failure   Level
 Wereblood                Tmut           7%         N/A       14%         2
 Spider Form              Tmut/Pois      4%         N/A       41%         3
 Call Canine Familiar     Summ           1%         N/A       54%         3
 Portal Projectile        Hex/Tloc       2%         N/A       54%         3
 Ice Form                 Ice/Tmut       4%         N/A       82%         4
 Leda's Liquefaction      Hex/Erth       0%         N/A       91%         4

Inventory:

Jewellery
 f - an amulet of faith {!P}
   (You found it on level 2 of the Dungeon)
 h - an amulet of magic regeneration {@e2}
   (You found it on level 2 of the Dungeon)
Scrolls
 a - 2 scrolls of identify {unknown}
 c - 2 scrolls of fog {unknown}
 d - a scroll of teleportation {unknown}
 e - a scroll of immolation {unknown}
 g - a scroll of holy word {unknown}
Potions
 b - a potion of attraction {unknown}

Dungeon Overview and Level Annotations

Branches:
Dungeon (3/15)

Altars:

Shops:
D:2

! #... ...... .# #...
#.##.# .# +....
#.##.##.# #....
#.##.##.########
#.....#....##..<......
#.....#S##.##.........
.........g............
.....#.##S#..........
.......ggg@#[.........
..##....##.#..........
.......##.#..........
........##.#..#.......
.##........#..########
.......#..#..........
#.##.#.#.............
.. ..................
.## #.......(.......


You could see 3 gnolls, a hobgoblin and a ball python.


Message History

A frilled lizard comes into view.
A frilled lizard is nearby!
One of your tentacles grows a vicious spike.
The frilled lizard hisses angrily.
MP[-1]
You lost 1 mp, and now have 6/7 mp.
A hobgoblin comes into view.
Found a stone staircase leading up.
The hobgoblin moves out of view.
Your transformation is almost over.
The frilled lizard completely misses you.
You closely miss the frilled lizard. Your grab misses the frilled lizard.
The frilled lizard barely misses you.
You tentacle-slap the frilled lizard.
You kill the frilled lizard!
No target in view!
No target in view!
No target in view!
No target in view!
No target in view!
No target in view!
No target in view!
No target in view!
No target in view!
No target in view!
No target in view!
No target in view!
No target in view!
No target in view!
An adder comes into view.
Your tentacle spike disappears.
MP[+1]
Your mp is fully restored (7).
A gnoll comes into view. It is wielding a +0 whip.
The adder bites you.
You are poisoned.
The adder poisons you!
You miss the adder.
The gnoll shouts!
Your grab misses the adder.
You feel sick.
You hear a shout!
The adder bites you.
You hear a shout!
You hear an angry hiss.
You hear a shout!
You miss the adder. Your grab misses the adder.
You feel sick. The adder barely misses you.
A gnoll comes into view. It is wielding a +0 halberd.
The adder bites you.
HP[-12]
You take 12 damage, and now have 17/29 hp.
MASSIVE DAMAGE!! (PAUSE)
You miss the adder. Your grab misses the adder. You tentacle-slap the adder.
You feel sick. The adder bites you.
A ball python comes into view.
You closely miss the adder.
The ball python hisses angrily.
Your grab misses the adder.
You feel sick. The adder bites you.
* * * LOW HITPOINT WARNING * * *
A gnoll comes into view. It is wielding a +0 flail.
You tentacle-slap the adder but do no damage.
Your grab misses the adder. You squeeze the adder.
You feel sick. The adder closely misses you.
You tentacle-slap the adder.
You kill the adder!
You feel sick.
You are no longer poisoned.
Your Fighting skill increases to level 2!
HP[-9]
You take 9 damage, and now have 8/29 hp.
MASSIVE DAMAGE!! (PAUSE)
You barely miss the gnoll. You grab the gnoll. You constrict the gnoll.
The gnoll hits you with a +0 whip.
* * * LOW HITPOINT WARNING * * *
The gnoll misses you.
You are too injured to fight recklessly!
You are too injured to fight recklessly!
You are too injured to fight recklessly!
HP[-4]
You take 4 damage, and now have 4/29 hp.
You are too injured to fight recklessly!
You are too injured to fight recklessly!
You are too injured to fight recklessly!
You are too injured to fight recklessly!
You are too injured to fight recklessly!
You are too injured to fight recklessly!
You are too injured to fight recklessly!
You are too injured to fight recklessly!
You are too injured to fight recklessly!
You are too injured to fight recklessly!
You are too injured to fight recklessly!
You release your grip on the gnoll.
There is a stone staircase leading up here.
The gnoll closely misses you. The ball python closely misses you.
The ball python grabs you.
You stop ascending the stairs.
The ball python constricts you.
* * * LOW HITPOINT WARNING * * *
HP[-1]
You take 1 damage, and now have 3/29 hp.
You escape the ball python's grasp.
The gnoll barely misses you. The ball python bites you.
You die...

Skill      XL: |  1  2  3  4 |
---------------+-------------+-----
Stealth        | 1 2 |  2.2
Fighting       | 2 |  2.0
Dodging        | |  2.6
Unarmed Combat | |  3.9
Spellcasting   | |  2.0
Transmutations | |  2.0

Action                   |  1- 3 |  4- 6 || total
-------------------------+-------+-------++-------
Melee: Unarmed           |    76 |    14 ||    90
       Kick              |    19 |     2 ||    21
       Constrict         |    21 |     2 ||    23
       Tentacles         |    10 |     3 ||    13
       Punch             |     3 |     1 ||     4
 Cast: Beastly Appendage |    28 |     2 ||    30
 Stab: Sleeping          |    11 |       ||    11
Armor: Skin              |     5 |       ||     5
Dodge: Dodged            |    39 |     9 ||    48

Levels and vault maps discovered:
D:1:      dpeg_arrival_arbitrary_c, layout_loops_ring,
          dreamdust_ecumenical_altar_sealed_demon, serial_bayou_pond_a
D:2:      kennysheep_the_goblin_king, layout_basic, serial_shops, shop_statue,
          serial_glass, glass_columns_b, glass_columns_c
D:3:      layout_basic

Notes
Turn   | Place    | Note
-------+----------+-------------------------------------------
     0 | D:1      | zeratav the Octopode Transmuter began the quest for the
                  | Orb.
     0 | D:1      | Reached XP level 1. HP: 13/13 MP: 3/3
     0 | D:1      | magus.rc [v1.9.6]
   235 | D:1      | Reached XP level 2. HP: 18/18 MP: 3/5
   307 | D:1      | Reached skill level 1 in Stealth
   425 | D:1      | You pick up a book of the Hunter and begin reading...
   425 | D:1      | You add the spells Call Canine Familiar, Portal Projectile
                  | and Leda's Liquefaction to your library.
   760 | D:1      | Found a faded altar of an unknown god.
   760 | D:1      | Noticed a blizzard demon
  1199 | D:2      | Reached XP level 3. HP: 18/23 MP: 4/6
  1215 | D:2      | HP: 2/23 [goblin/+0 club (5)]
  1746 | D:2      | HP: 6/24 [poisoned by an adder]
  2046 | D:2      | Found Plog's Distillery.
  2767 | D:3      | Reached skill level 2 in Stealth
  2767 | D:3      | Reached XP level 4. HP: 29/29 MP: 5/7
  2827 | D:3      | Reached skill level 2 in Fighting
  2827 | D:3      | HP: 4/29 [gnoll/+0 whip (5)]
  2832 | D:3      | Slain by a ball python

Vanquished Creatures
  3 adders
  A worm (D:2)
  6 ball pythons
  5 endoplasms
  8 goblins (D:2)
  8 hobgoblins
  3 kobolds
  3 bats
  5 frilled lizards
  3 rats
45 creatures vanquished.

Table legend:
 A = Non-vault XP
 B = Vault XP
 C = Vault XP percentage of total XP
 D = Non-vault monster count
 E = Vault monster count
 F = Vault count percentage of total count
                 A         B        C        D         E       F
            +---------+---------+-------+---------+---------+-------
      Total |     100 |      14 |  12.3 |      38 |       7 |  15.6
            +---------+---------+-------+---------+---------+-------
        D:1 |      24 |       0 |   0.0 |      14 |       0 |   0.0
        D:2 |      41 |      14 |  25.5 |      16 |       7 |  30.4
        D:3 |      35 |       0 |   0.0 |       8 |       0 |   0.0
            +---------+---------+-------+---------+---------+-------

Illustrated notes

Table legend:
 A = Kills in this place as a percentage of kills in entire the game.
 B = Kills by you in this place as a percentage of kills by you in the entire game.
 C = Kills by friends in this place as a percentage of kills by friends in the entire game.
 D = Other kills in this place as a percentage of other kills in the entire game.
 E = Experience gained in this place as a percentage of experience gained in the entire game.
 F = Experience gained in this place divided by the number of levels of this place that you have seen.
                   A       B       C       D       E      F
               +-------+-------+-------+-------+-------+----------------------
         Total | 100.0 | 100.0 |   N/A |   N/A | 100.0 |  38.0
       Dungeon | 100.0 | 100.0 |   N/A |   N/A | 100.0 |  38.0
               +-------+-------+-------+-------+-------+----------------------

Table legend: (Time is in decaauts)
 A = Elapsed time spent in this place.
 B = Non-inter-level travel time spent in this place.
 C = Inter-level travel time spent in this place.
 D = Time resting spent in this place.
 E = Time spent auto-exploring this place.
 F = Levels seen in this place.
 G = Mean time per level.
                   A        B        C        D        E       F      G
               +--------+--------+--------+--------+--------+-----+--------+
         Total |   2825 |   2730 |     95 |    309 |   2119 |   3 |  941.7 |
       Dungeon |   2825 |   2730 |     95 |    309 |   2119 |   3 |  941.7 |
               +--------+--------+--------+--------+--------+-----+--------+

Top non-repeatable levels by time:
     D:2: 1888 daAuts
     D:1: 855 daAuts
     D:3: 82 daAuts
